 Dungeon Crawl Stone Soup version 0.28.0-53-g5a82cb258f (webtiles) character file.

Game seed: 6327270375832453631

2 melloss the Sneak (level 1, -6/9 HPs)
             Began as a Spriggan Enchanter on June 7, 2022.
             Mangled by a gnoll
             ... wielding a +0 spear
              (8 damage)
             ... on level 1 of the Dungeon.
             The game lasted 00:02:08 (529 turns).

melloss the Sneak (Spriggan Enchanter)               Turns: 529, Time: 00:02:08

Health: -6/9       AC:  2    Str:  4    XL:     1   Next: 33%
Magic:  5/5        EV: 17    Int: 16    God:
Gold:   9          SH:  0    Dex: 15    Spells: 5/5 levels left

rFire   . . .      SeeInvis +   a - +1 dagger
rCold   . . .      Faith    .   (no shield)
rNeg    . . .      Spirit   .   b - +0 robe
rPois   .          Reflect  .   (helmet restricted)
rElec   .          Harm     .   (no cloak)
rCorr   .          Rampage  .   (gloves unavailable)
Will    .....                   (boots unavailable)
Stlth   +++.......              (no amulet)
HPRegen 0.03/turn               (no ring)
MPRegen 0.09/turn               (no ring)

@: very quick
A: very small, no large weapons, unfitting armour, see invisible, speed 3
a: no special abilities


You were on level 1 of the Dungeon.
You visited 1 branch of the dungeon, and saw 2 of its levels.

You collected 9 gold pieces.

Inventory:

Hand Weapons
 a - a +1 dagger (weapon)
Armour
 b - a +0 robe (worn)
Potions
 c - a potion of invisibility
 d - a potion of heal wounds {unknown}
 e - a potion of flight {unknown}


   Skills:
 - Level 1.1 Short Blades
 + Level 2.9 Dodging
 + Level 4.6 Stealth
 - Level 2.6 Spellcasting
 - Level 3.6 Hexes


You had 5 spell levels left.
You didn't know any spells.
Your spell library contained the following spells:

 Spells                   Type           Power      Damage    Failure   Level
 Confusing Touch          Hex            13%        N/A       13%         3
 Tukima's Dance           Hex            13%        N/A       13%         3
 Ensorcelled Hibernation  Hex/Ice        14%        N/A       14%         2
 Dazzling Flash           Conj/Hex       14%        N/A       28%         3


Dungeon Overview and Level Annotations

Branches:
Dungeon (2/15)

Altars:

Shops:
D:1 *


Innate Abilities, Weirdness & Mutations

You are very small and have problems with some larger weapons.
You are too small for most types of armour.
You have supernaturally acute eyesight. (SInv)
You cover ground extremely quickly. (Speed+++)


Message History

* * * LOW HITPOINT WARNING * * *
Found 9 gold pieces.
There is an entrance to Xiwos's General Store here.
You can access your shopping list by pressing '$'.
You see here a cyan potion.
e - a cyan potion
There is an entrance to Xiwos's General Store here.
You now have 9 gold pieces.
There is a stone staircase leading down here.
You climb downwards.
There is a stone staircase leading up here.
You start resting.
HP restored.
You climb upwards.
The endoplasm completely misses you. The endoplasm freezes you.
You are frozen.
There is a stone staircase leading down here.
You hit the endoplasm.
The endoplasm is severely wounded.
The endoplasm hits you but does no damage.
You barely miss the endoplasm.
The endoplasm is severely wounded.
The endoplasm hits you.
You hit the endoplasm.
You kill the endoplasm!
You start resting.
HP restored.
Found a leather armour.
A gnoll comes into view. It is wielding a +0 spear.
You see here a +0 leather armour.
A gnoll is nearby!
Found an escape hatch in the floor.
The gnoll shouts!
The gnoll hits you with a +0 spear.
You closely miss the gnoll. The gnoll hits you with a +0 spear.
* * * LOW HITPOINT WARNING * * *
There is a stone staircase leading down here.
The gnoll hits you from afar with a +0 spear!
Ouch! That really hurt!
You die...

####..##.## #.....##..#
#....∩...^# #.###.....# .
#.###..##.#### ##.
######......##..... ....
#....###...#....... ..#.
#....###.....##########.#.
#........@.g.#######......
#....###...#........[##..#
#.....##...#########......
#####..##.## #.###..
##..#..# ...# ## ##.##.#
.....# #.##.## ...##..#
###...##.. ...# ##.....##
#.#.#


You could see a gnoll.

Vanquished Creatures
  An endoplasm (D:1)
  A bat (D:1)
  A frilled lizard (D:1)
3 creatures vanquished.

Notes
Turn   | Place    | Note
-------+----------+-------------------------------------------
     0 | D:1      | melloss the Spriggan Enchanter began the quest for the Orb.
     0 | D:1      | Reached XP level 1. HP: 9/9 MP: 5/5
    42 | D:1      | Found Xiwos's General Store.
   529 | D:1      | Mangled by a gnoll

Illustrated notes

Levels and vault maps discovered:
D:1:      dpeg_arrival_rhombi, layout_rooms, serial_shops, nicolae_square_shop
D:2:      layout_loops_ring, serial_shops, shop_fountains, minmay_hedge_maze

Action                   || total
-------------------------++-------
Melee: Dagger            ||    15
Armor: Robe              ||     4
Dodge: Dodged            ||    10
